 Dungeon Crawl Stone Soup version 0.27.1-4-g1640c2035a (webtiles) character file.

Game seed: 2311420874159246373

701885 toffzen the Conqueror (level 27, -2/245 HPs)
             Began as a Minotaur Brigand on Nov 4, 2021.
             Was the Champion of Okawaru.
             Killed by divine providence
             ... invoked by a yellow draconian stormcaller
              (11 damage)
             ... on level 5 of the Realm of Zot on Nov 6, 2021.
             The game lasted 03:02:23 (90598 turns).

toffzen the Conqueror (Minotaur Brigand)           Turns: 90598, Time: 03:02:24

Health: -2/245     AC: 40    Str: 32    XL:     27
Magic:  45/45      EV: 15    Int: 13    God:    Okawaru [******]
Gold:   6812       SH: 28    Dex: 12    Spells: 26/26 levels left

rFire    + + +     SeeInvis .   a - +8 double sword of Indomitability {elec, rElec rN+}
rCold    + . .     Faith    .   K - +2 tower shield {rPois}
rNeg     + . .     Spirit   .   s - +8 gold dragon scales
rPois    +         Reflect  .   (helmet restricted)
rElec    +         Harm     .   w - +0 cloak {Will+}
rCorr    .         Rampage  +   R - +1 pair of gloves {Str+3}
Will     ++++.     Rnd*Rage +   p - +0 pair of boots {rampage}
Stlth    ..........             V - amulet "Tukkium" {RegenMP Will+}
HPRegen  0.50/turn              T - ring "Jovox" {rElec rF+ Int+3}
MPRegen  0.54/turn              X - ring "Wamoenir" {rF+ MP+9 Str+4}

@: hasted and slowed, studying 2 skills
A: horns 2, retaliatory headbutt, berserk 1, clever 1, clumsy 2, deterioration
1, frail 1, no potion heal 2, subdued magic 1, inability to read while
threatened
}: 3/15 runes: barnacled, silver, gossamer
a: Renounce Religion, Heroism, Finesse


You were on level 5 of the Realm of Zot.
You worshipped Okawaru.
Okawaru was exalted by your worship.
You visited 11 branches of the dungeon, and saw 53 of its levels.

You collected 8572 gold pieces.
You spent 1760 gold pieces at shops.

Inventory:

Hand Weapons
 a - the +8 double sword of Indomitability (weapon) {elec, rElec rN+}
   (Okawaru gifted it to you on level 2 of the Depths)

   It occasionally discharges a powerful burst of electricity upon striking a
   foe.
   rElec:     It insulates you from electricity.
   rN:        It protects you from negative energy.
 b - the +18 lance "Wyrmbane" {slay drac, rPois rF+ rC+ AC+3}
   (Okawaru gifted it to you on level 5 of the Vaults)

   It inflicts extra damage against dragons and draconians.
   AC:        It affects your AC (+3).
   rF:        It protects you from fire.
   rC:        It protects you from cold.
   rPois:     It protects you from poison.
 m - the +1 demon blade "Itan" {vamp, *Rage Dex+5}
   (You took it off a balrug on level 2 of the Depths)

   It occasionally heals its wielder for a portion of the damage dealt when it
   wounds a living foe.
   Dex:       It affects your dexterity (+5).
   *Rage:     It may make you go berserk in combat.
 Z - the +2 double sword of Duta {vorpal, rN+}
   (You acquired it on level 8 of the Dungeon)

   It inflicts extra damage upon your enemies.
   rN:        It protects you from negative energy.
Missiles
 i - 1837 stones (quivered)
 u - 16 poisoned darts
 v - 10 throwing nets
Armour
 p - a +0 pair of boots of rampaging (worn)
 s - +8 gold dragon scales (worn)
 w - a +0 cloak of willpower (worn)
 y - the +8 faerie dragon scales {+Inv rPois rN++ rCorr Str+2}
   (You took it off the Enchantress on level 3 of the Depths)

   Str:       It affects your strength (+2).
   rPois:     It protects you from poison.
   rN:        It greatly protects you from negative energy.
   +Inv:      It lets you turn invisible.
   rCorr:     It protects you from acid and corrosion.
 F - the +1 plate armour of Usafofox {Rampage rPois rC+}
   (Okawaru gifted it to you on level 12 of the Dungeon)

   rC:        It protects you from cold.
   rPois:     It protects you from poison.
   Rampage:   It bestows one free step when moving towards enemies.
 K - a +2 tower shield of poison resistance (worn)
 O - the +2 hat of Ryfalomn {rPois}
   (You bought it in a shop on level 2 of the Orcish Mines)

   rPois:     It protects you from poison.
 R - a +1 pair of gloves of strength (worn)
Jewellery
 g - the ring of Lust {rC+ rN+ Str+2 Int-3}
   (You took it off an ancient champion on level 2 of the Crypt)

   [ring of positive energy]

   Str:       It affects your strength (+2).
   Int:       It affects your intelligence (-3).
   rC:        It protects you from cold.
   rN:        It protects you from negative energy.
 t - an amulet of reflection
 H - an amulet of regeneration
 L - a +4 ring of slaying
 Q - a ring of positive energy
 S - the amulet "Luisy" {Spirit rElec rPois rC+++ Str+4}
   (You acquired it on level 2 of the Elven Halls)

   [amulet of guardian spirit]

   It causes incoming damage to be divided between your reserves of health and
   magic.
   Str:       It affects your strength (+4).
   rC:        It renders you almost immune to cold.
   rElec:     It insulates you from electricity.
   rPois:     It protects you from poison.
 T - the ring "Jovox" (left hand) {rElec rF+ Int+3}
   (You found it on level 12 of the Dungeon)

   [ring of protection from fire]

   Int:       It affects your intelligence (+3).
   rF:        It protects you from fire.
   rElec:     It insulates you from electricity.
 V - the amulet "Tukkium" (around neck) {RegenMP Will+}
   (You took it off a deep elf high priest on level 3 of the Elven Halls)

   [amulet of magic regeneration]

   It increases your rate of magic regeneration.
   Will:      It increases your willpower.
 W - the ring "Kyrchysma" {Ice rPois Will++ Str+3 Int-2}
   (You found it on level 5 of the Lair of Beasts)

   [ring of ice]

   It enhances your ice magic.
   Str:       It affects your strength (+3).
   Int:       It affects your intelligence (-2).
   rF:        It makes you vulnerable to fire.
   rC:        It protects you from cold.
   rPois:     It protects you from poison.
   Will:      It greatly increases your willpower.
 X - the ring "Wamoenir" (right hand) {rF+ MP+9 Str+4}
   (You found it on level 5 of the Lair of Beasts)

   [ring of protection from fire]

   Str:       It affects your strength (+4).
   rF:        It protects you from fire.
   MP:        It affects your magic capacity (+9).
Wands
 c - a wand of digging (15)
 x - a wand of iceblast (30)
 B - a wand of flame (108)
 G - a wand of acid (12)
 M - a wand of polymorph (13)
Scrolls
 h - 9 scrolls of noise
 j - a scroll of silence
 k - a scroll of summoning
 D - 27 scrolls of identify
 E - 2 scrolls of blinking
 I - 2 scrolls of torment
 J - 9 scrolls of teleportation
 P - 10 scrolls of fear
 U - 7 scrolls of fog
 Y - 8 scrolls of immolation
Potions
 d - 3 potions of invisibility
 e - 3 potions of might
 l - 7 potions of magic
 n - 8 potions of lignification
 o - 4 potions of heal wounds
 q - 16 potions of flight
 r - 4 potions of cancellation
 z - 7 potions of haste
 A - 2 potions of mutation
 C - 5 potions of resistance
 N - 11 potions of curing


   Skills:
 O Level 27 Fighting
 - Level 2.1(14.2) Short Blades
 - Level 22.1(22.2) Long Blades
 - Level 14.0 Polearms
 - Level 2.0 Throwing
 + Level 24.2 Armour
 + Level 22.5 Dodging
 - Level 3.2 Stealth
 + Level 23.6 Shields
 + Level 20.9 Invocations


You had 26 spell levels left.
You didn't know any spells.
Your spell library contained the following spells:

 Spells                   Type           Power      Damage    Failure   Level
 Animate Skeleton         Necr           0%         N/A       90%         1
 Beastly Appendage        Tmut           0%         N/A       90%         1
 Freeze                   Ice            0%         1d3       90%         1
 Magic Dart               Conj           0%         1d3       90%         1
 Pain                     Necr           0%         1d4       90%         1
 Shock                    Conj/Air       0%         1d3       90%         1
 Blink                    Tloc           N/A        N/A       97%         2
 Corpse Rot               Necr/Air       N/A        N/A       97%         2
 Ensorcelled Hibernation  Hex/Ice        0%         N/A       97%         2
 Poisonous Vapours        Pois/Air       0%         N/A       97%         2
 Searing Ray              Conj           0%         3d3       97%         2
 Slow                     Hex            0%         N/A       97%         2
 Static Discharge         Conj/Air       0%         N/A       97%         2
 Sublimation of Blood     Necr           0%         N/A       97%         2
 Wereblood                Tmut           0%         N/A       97%         2
 Confusing Touch          Hex            0%         N/A       99%         3
 Conjure Flame            Conj/Fire      0%         6-21      99%         3
 Dazzling Flash           Conj/Hex       0%         N/A       99%         3
 Frozen Ramparts          Ice            0%         1d2       99%         3
 Gell's Gravitas          Tloc           0%         N/A       99%         3
 Ignite Poison            Fire/Tmut/Pois 0%         N/A       99%         3
 Inner Flame              Hex/Fire       0%         N/A       99%         3
 Lesser Beckoning         Tloc           0%         N/A       99%         3
 Mephitic Cloud           Conj/Pois/Air  0%         N/A       99%         3
 Ozocubu's Armour         Ice            0%         N/A       99%         3
 Spider Form              Tmut/Pois      0%         N/A       99%         3
 Stone Arrow              Conj/Erth      0%         3d7       99%         3
 Summon Guardian Golem    Hex/Summ       0%         N/A       99%         3
 Swiftness                Air            0%         N/A       99%         3
 Teleport Other           Tloc           0%         N/A       99%         3
 Tukima's Dance           Hex            0%         N/A       99%         3
 Vampiric Draining        Necr           0%         2d6       99%         3
 Airstrike                Air            0%         N/A       100%        4
 Animate Armour           Summ/Erth      0%         N/A       100%        4
 Animate Dead             Necr           0%         N/A       100%        4
 Cause Fear               Hex            0%         N/A       100%        4
 Dispel Undead            Necr           0%         3d6       100%        4
 Fulminant Prism          Conj/Hex       0%         3d6       100%        4
 Hailstorm                Conj/Ice       0%         3d3       100%        4
 Ice Form                 Ice/Tmut       0%         N/A       100%        4
 Iskenderun's Mystic Bla  Conj/Tloc      0%         2d3       100%        4
 Passage of Golubria      Tloc           N/A        N/A       100%        4
 Petrify                  Tmut/Erth      0%         N/A       100%        4
 Sticky Flame             Conj/Fire      0%         2d3       100%        4
 Summon Ice Beast         Ice/Summ       0%         N/A       100%        4
 Summon Lightning Spire   Summ/Air       0%         N/A       100%        4
 Agony                    Necr           0%         N/A       100%        5
 Borgnjor's Vile Clutch   Necr/Erth      0%         N/A       100%        5
 Fireball                 Conj/Fire      0%         3d3       100%        5
 Lightning Bolt           Conj/Air       0%         1d11      100%        5
 Manifold Assault         Tloc           0%         N/A       100%        5
 Metabolic Englaciation   Hex/Ice        0%         N/A       100%        5
 Silence                  Hex/Air        0%         N/A       100%        5
 Summon Mana Viper        Hex/Summ       0%         N/A       100%        5
 Yara's Violent Unravell  Hex/Tmut       0%         3d3       100%        5
 Death Channel            Necr           0%         N/A       100%        6
 Dispersal                Tloc           0%         N/A       100%        6
 Eringya's Noxious Bog    Tmut/Pois      0%         N/A       100%        6
 Simulacrum               Ice/Necr       0%         N/A       100%        6
 Starburst                Conj/Fire      0%         6d3       100%        6
 Statue Form              Tmut/Erth      0%         N/A       100%        6
 Dragon Form              Tmut           0%         N/A       100%        7
 Monstrous Menagerie      Summ           0%         N/A       100%        7
 Orb of Destruction       Conj           0%         N/A       100%        7
 Ozocubu's Refrigeration  Ice            0%         4d5       100%        7
 Spellforged Servitor     Conj/Summ      0%         N/A       100%        7
 Storm Form               Tmut/Air       0%         N/A       100%        7
 Summon Hydra             Summ           0%         N/A       100%        7
 Ignition                 Fire           0%         3d3       100%        8
 Lehudib's Crystal Spear  Conj/Erth      0%         10d2      100%        8
 Maxwell's Capacitive Co  Air            0%         ∞         100%        8
 Death's Door             Necr           0%         N/A       100%        9
 Dragon's Call            Summ           0%         N/A       100%        9
 Fire Storm               Conj/Fire      0%         5d1       100%        9


Dungeon Overview and Level Annotations

Branches:
Dungeon (15/15)            Temple (1/1) D:4            Lair (6/6) D:10
 Shoals (4/4) Lair:3       Spider (4/4) Lair:4        Slime (0/5) Lair:6
    Orc (2/2) D:12            Elf (3/3) Orc:2        Vaults (5/5) D:14
  Crypt (3/3) Vaults:3       Tomb (0/3) Crypt:3      Depths (5/5) D:15
    Zot (5/5) Depths:5

Altars:
Ashenzari
Cheibriados
Dithmenos
Elyvilon
Gozag
Hepliaklqana
Kikubaaqudgha
Makhleb
Nemelex Xobeh
Okawaru
Qazlal
Ru
Sif Muna
Uskayaw
Vehumet
Wu Jian
Yredelemnul
Zin
The Shining One
Beogh
Jiyva
Lugonu

Shops:
D:4 (   D:8 *   Orc:2 [(?[=   Elf:3 *   Shoals:1 (   Vaults:2 ?   Vaults:3 **
Depths:4 [   Depths:5 *

Portals:
Hell: Depths:1 Depths:3 Depths:4 Depths:5
Abyss: Depths:1 Depths:4 Depths:5
Pandemonium: Depths:3 Depths:4
Ziggurat: Depths:1
Trove: Elf:3 (give 2 scrolls of acquirement)

Annotations:
D:3 Sigmund
D:7 1 runed translucent door, 1 exclusion, Crazy Yiuf
Vaults:1 3 runed translucent doors, PanSaczeczos's ghost, adept MiAM
Vaults:2 exclusion: orange crystal statue
Vaults:3 3 runed translucent doors, exclusion: obsidian statue, theMacoje's ghost, adept OgAM
Zot:2 2 transporters
Zot:5 exclusions: obsidian statue and orange crystal statue


Innate Abilities, Weirdness & Mutations

You have a pair of horns on your head.
You reflexively headbutt those who attack you in melee.
You tend to lose your temper in combat.
Your mind is acute. (Int +2)
You are very clumsy. (Dex -4)
Your body sometimes deteriorates upon taking damage.
You are frail. (-10% HP)
Potions cannot restore your health.
Your spells are a little easier to cast, but a little less powerful.
You sometimes lose the ability to read scrolls when taking damage.


Message History

The death drake breathes miasma at you. The foul vapour misses you.
The rime drake is engulfed in dark miasma.
The rime drake is poisoned.
You block the death drake's attack.
The rime drake is engulfed in dark miasma.
The rime drake looks even sicker.
The rime drake seems to slow down.
You see here a +4 halberd.
You are engulfed in dark miasma.
You feel as though you will be slow longer.
* * * LOW HITPOINT WARNING * * *
You are engulfed in dark miasma.
You are poisoned.
* * * LOW HITPOINT WARNING * * *
x2 You feel very sick.
The death drake breathes miasma at you. The foul vapour engulfs you.
You feel as though you will be slow longer.
* * * LOW HITPOINT WARNING * * *
Really walk into that cloud of foul pestilence?
Okay, then.
Unknown command.
Unknown command.
Unknown command.
Your system rejects the healing.
You feel better. You block the death drake's attack.
You have no ailments to cure.
Okay, then.
Unknown command.
Unknown command.
Okay, then.
Okay, then.
You feel as though your hastened speed will last longer.
The death drake misses you. You furiously retaliate!
You headbutt the death drake!
You riposte.
You slice the death drake!! Your headbutt misses the death drake.
The death drake is moderately wounded.
The death drake barely misses you.
The yellow draconian stormcaller calls down the wrath of Qazlal upon you.
Qazlal smites you!
You die...

##.............####..............
#...............##...^...........
.................................
......⌠.....................§....
...............⌠..ql.............
...##.............)########.#####
..######.........k## #.# .##
###.....)k.# #.# .# ###....@k#
#.# .# #......# #.# .# #......#
#)# .# #......# #.# .# #......#
#.## .# #......# #..#
################▓▓▓ ########.####
#..........§..§#* #.......§....
..^.....:..8....## ##...^....)..


You could see a yellow draconian stormcaller, 2 death drakes, a komodo dragon
(summoned) and a rime drake (summoned, poisoned, slow).

Vanquished Creatures
  6 ancient liches
  9 dread liches
  3 orbs of fire (Zot:5)
  Mara (Vaults:4)
  Saint Roka (Orc:2)
  Bai Suzhen (Vaults:2)
  5 Killer Klowns
  Margery (Vaults:5)
  Xtahua (Crypt:1)
  4 curse toes
  A caustic shrike (Depths:2)
  4 bone dragons
  the Enchantress (Depths:3)
  7 golden dragons
  7 electric golems
  A Tzitzimitl (Spider:4)
  Jorgrun (Orc:2)
  13 tentacled monstrosities
  6 liches
  18 Orb Guardians
  7 titans
  3 quicksilver dragons
  2 krakens
  2 deep elf master archers
  9 sphinxes
  3 deep elf blademasters (Elf:2)
  5 ancient champions
  17 storm dragons
  10 death cobs
  4 tengu reavers
  8 draconian monks
  The ghost of ioannis32 the Blocker, an adept DsBe of Trog (Elf:3)
  A revenant (Crypt:2)
  6 shadow dragons
  6 fire giants
  7 draconian knights
  21 vault wardens
  A balrug (Depths:2)
  An iron dragon (Vaults:5)
  8 deep elf sorcerers
  8 frost giants
  5 ghost moths
  7 draconian scorchers
  2 orc warlords
  5 draconian stormcallers
  A curse skull (Crypt:2)
  Louise (Elf:2)
  3 emperor scorpions
  20 ironbound preservers
  5 draconian shifters
  3 deep elf elementalists
  6 draconian annihilators
  6 war gargoyles (Vaults:5)
  4 spriggan defenders
  40 very ugly things
  10 vampire knights
  26 stone giants
  17 green draconians
  11 black draconians
  10 deep elf demonologists
  Nessos (D:13)
  2 dire elephants
  13 deep elf annihilators
  7 entropy weavers
  14 spark wasps
  9 yellow draconians
  9 purple draconians
  Azrael (D:15)
  6 white draconians
  2 red draconians
  3 minotaurs (Shoals:4)
  8 deep elf death magi
  3 merfolk javelineers
  17 ettins
  A crystal guardian (Vaults:2)
  Josephine (D:11)
  3 deep elf high priests
  5 eidola
  3 jiangshi (Crypt:1)
  5 merfolk impalers
  48 vault guards
  10 fire dragons
  9 great orbs of eyes
  6 ironbound thunderhulks
  A monstrous demonspawn (Depths:4)
  9 hydras
  Harold (Orc:1)
  A hell beast (Depths:5)
  A peacekeeper (Vaults:2)
  9 ice dragons
  20 yaktaur captains
  A salamander tyrant (Depths:4)
  11 ironbound frosthearts
  4 ogre magi
  10 two-headed ogres
  Erica (D:10)
  5 merfolk avatars
  6 spriggan air magi
  10 boulder beetles
  6 merfolk aquamancers
  2 death knights (Crypt:2)
  3 centaur warriors
  4 vampire magi
  5 alligator snapping turtles
  15 satyrs (Shoals:4)
  A catoblepas (Lair:6)
  3 deep troll shamans
  5 deep troll earth magi
  6 tengu warriors
  10 death yaks
  A titan zombie (Vaults:1)
  20 dancing weapons
  13 hell knights
  8 spriggan berserkers
  Nergalle (Orc:1)
  3 ironbound beastmasters
  8 soul eaters
  25 deep elf knights
  Sonja (Lair:5)
  A shadow wraith (Crypt:3)
  A salamander mystic (Depths:4)
  6 sun demons
  A storm dragon skeleton (Vaults:4)
  An entropy weaver zombie (Crypt:1)
  4 iron trolls
  11 skeletal warriors
  2 anaconda zombies
  A shadow demon (Depths:4)
  A golden dragon zombie (Crypt:1)
  A death drake (shapeshifter) (Depths:5)
  5 flayed ghosts
  65 deep trolls
  A golden dragon skeleton (Crypt:2)
  18 ironbound convokers
  17 sea snakes
  6 lindwurms
  9 wizards
  4 orc knights
  3 glowing orange brains
  22 deep elf archers
  A shadow dragon zombie (Crypt:2)
  An anaconda skeleton (Crypt:3)
  26 deep elf pyromancers
  A fire giant zombie (Vaults:4)
  Pikel (D:4)
  11 phantasmal warriors
  30 harpies
  23 orb spiders
  25 wolf spiders
  11 necromancers
  5 orc sorcerers
  33 deep elf zephyrmancers
  A frost giant zombie (Vaults:1)
  58 ugly things
  17 fauns
  6 cyclopes
  15 manticores
  10 elephants
  2 salamanders
  A stone giant skeleton (Vaults:1)
  A shock serpent zombie (Crypt:1)
  3 human skeletons
  21 moths of wrath
  5 smoke demons
  24 vault sentinels
  2 torpor snails
  6 water nymphs
  6 black mambas
  A rust devil (Depths:4)
  3 molten gargoyles
  A red draconian zombie (Crypt:3)
  A black mamba (shapeshifter) (Depths:3)
  7 merfolk sirens
  A hellion (Depths:3)
  17 cane toads
  2 gargoyles
  A white draconian zombie (Crypt:2)
  A purple draconian zombie (Crypt:1)
  17 komodo dragons
  3 freezing wraiths
  A grey draconian zombie (Crypt:3)
  2 unseen horrors
  2 hellwings (Depths:4)
  3 kobold demonologists
  8 demonic crawlers
  A rime drake (Lair:5)
  44 yaktaurs
  5 tengu conjurers
  2 ice devils
  6 trolls
  A red devil (Depths:4)
  5 guardian mummies
  24 merfolk
  A catoblepas skeleton (Crypt:3)
  28 jumping spiders
  A queen bee (shapeshifter) (Vaults:5)
  A shadow dragon simulacrum (Crypt:2)
  9 wind drakes
  Grinder (D:3)
  10 blink frogs
  14 hornets
  20 slime creatures
  10 snapping turtles
  13 dream sheep
  A frost giant simulacrum (Vaults:4)
  67 redbacks
  A human simulacrum (Vaults:4)
  5 spriggans
  13 flying skulls
  A tarantella (shapeshifter) (Depths:4)
  A large abomination (Elf:3)
  A fire dragon skeleton (Crypt:3)
  A shadow (D:7)
  44 tarantellas
  12 wraiths
  A spriggan skeleton (Depths:2)
  2 air elementals (Elf:3)
  31 water elementals
  6 wyverns
  A deep troll skeleton (Vaults:4)
  7 basilisks
  31 yaks
  9 fire elementals
  A yaktaur simulacrum (Vaults:4)
  A neqoxec (Depths:4)
  7 steam dragons
  2 chaos spawn (Depths:3)
  2 wargs (Orc:2)
  An elf skeleton (Vaults:4)
  A tengu zombie (Depths:2)
  12 vampire mosquitoes
  3 swamp worms (Lair:1)
  Edmund (D:6)
  7 hell hounds
  10 water moccasins
  A floating eye (Depths:4)
  29 orc warriors
  Duvessa (D:6)
  A floating eye (shapeshifter) (D:15)
  4 black bears
  2 sky beasts
  6 ogres
  12 centaurs
  A snapping turtle skeleton (Crypt:3)
  16 wolves
  3 boggarts (Vaults:2)
  A manticore skeleton (Crypt:3)
  2 lemures (D:4)
  2 kobold brigands
  4 phantoms
  A rime drake skeleton (Crypt:2)
  A salamander zombie (Crypt:3)
  A wyvern zombie (Crypt:3)
  8 bullfrogs
  A komodo dragon zombie (Crypt:1)
  3 earth elementals
  3 gnoll sergeants
  2 elf zombies (Elf:3)
  3 scorpions
  A water moccasin zombie (D:6)
  A glowing shapeshifter simulacrum (Vaults:1)
  A raiju zombie (Crypt:2)
  A water moccasin skeleton (D:6)
  Dowan (D:7)
  36 killer bees
  15 wights
  A polar bear skeleton (Crypt:2)
  2 howler monkeys
  4 electric eels
  2 centaur zombies (D:5)
  5 lava snakes (Lair:6)
  2 hounds
  A human zombie (Crypt:1)
  An iron imp (Depths:5)
  3 jellies
  2 bullfrog zombies
  2 gnoll shamans
  14 orc priests
  2 centaur skeletons
  An iguana (D:5)
  24 orc wizards
  A demigod zombie (Crypt:2)
  A deep dwarf skeleton (Crypt:3)
  A hound skeleton (D:4)
  7 mummies (Crypt:1)
  3 howler monkey skeletons
  9 adders
  26 gnolls
  A shadow imp (D:6)
  A swamp drake skeleton (Crypt:3)
  4 white imps
  2 ufetubi
  A worm zombie (Crypt:3)
  A barachi zombie (Crypt:1)
  6 dart slugs
  66 orcs
  8 ball pythons
  8 endoplasms
  3 giant cockroaches
  3 goblins
  5 hobgoblins
  4 jackals (D:2)
  12 kobolds
  A quokka (D:2)
  3 training dummies (Shoals:1)
  A ball python skeleton (Crypt:3)
  7 bats
  A dart slug zombie (Crypt:1)
  A frilled lizard (D:1)
  A giant cockroach zombie (Crypt:2)
  6 rats
  A rat zombie (Crypt:1)
  A river rat skeleton (Crypt:2)
  A butterfly (Lair:4)
  8 tentacles
2330 creatures vanquished.

Vanquished Creatures (collateral kills)
  A wolf spider (Spider:1)
  A redback (Spider:1)
2 creatures vanquished.

Vanquished Creatures (others)
  An ogre mage (Vaults:5)
  2 deep elf knights
  A sun demon (Depths:2)
  A deep troll (Vaults:1)
  A deep elf zephyrmancer (Elf:2)
  A deep elf pyromancer (Elf:2)
  A hornet (Depths:5)
  A redback (Lair:4)
  A tarantella (Spider:3)
  A basilisk (D:15)
  A bush (Lair:6)
  22 fungi
  95 plants
  15 tentacles
144 creatures vanquished.

Grand Total: 2476 creatures vanquished

Notes
Turn   | Place    | Note
-------+----------+-------------------------------------------
     0 | D:1      | toffzen the Minotaur Brigand began the quest for the Orb.
     0 | D:1      | Reached XP level 1. HP: 18/18 MP: 0/0
   213 | D:1      | Reached skill level 1 in Armour
   213 | D:1      | Reached XP level 2. HP: 10/25 MP: 1/1
   454 | D:1      | Reached skill level 3 in Fighting
  1121 | D:2      | Reached skill level 1 in Long Blades
  1121 | D:2      | Reached XP level 3. HP: 31/31 MP: 2/2
  1318 | D:2      | Found a faded altar of an unknown god.
  1514 | D:2      | Reached XP level 4. HP: 38/38 MP: 3/3
  2002 | D:3      | Noticed Grinder
  2002 | D:3      | Noticed Sigmund
  2512 | D:3      | Paralysed by Grinder for 3 turns
  2516 | D:3      | Killed Grinder
  2517 | D:3      | Reached skill level 4 in Fighting
  2517 | D:3      | Reached XP level 5. HP: 11/46 MP: 4/4
  2517 | D:3      | Reached XP level 6. HP: 13/52 MP: 5/5
  3289 | D:4      | Found a staircase to the Ecumenical Temple.
  3298 | Temple   | Entered the Ecumenical Temple
  3341 | Temple   | Became a worshipper of Warmaster Okawaru
  3531 | D:4      | Reached skill level 5 in Long Blades
  3745 | D:4      | Reached XP level 7. HP: 45/60 MP: 6/6
  3982 | D:4      | Found Loylloh's Antique Weapon Emporium.
  4205 | D:5      | Entered Level 5 of the Dungeon
  4211 | D:5      | Reached skill level 1 in Invocations
  4477 | D:5      | Reached skill level 5 in Fighting
  4514 | D:5      | Noticed Pikel
  4865 | D:4      | Killed Pikel
  4865 | D:4      | Reached * piety under Okawaru
  4866 | D:4      | Reached XP level 8. HP: 56/69 MP: 6/8
  4994 | D:5      | Identified the +7 hand axe of Wu Jian's Grace {vorpal,
                  | Will+ Str+2}
  5153 | D:5      | Reached skill level 5 in Armour
  5283 | D:5      | Reached ** piety under Okawaru
  5284 | D:5      | Reached skill level 5 in Dodging
  5554 | D:5      | Reached skill level 6 in Fighting
  6077 | D:6      | Reached XP level 9. HP: 77/78 MP: 10/10
  6137 | D:6      | Noticed Edmund
  6144 | D:6      | Killed Edmund
  6336 | D:6      | Reached *** piety under Okawaru
  6825 | D:6      | Identified the +2 ring mail of Unreason {Fly Regen+}
  7288 | D:7      | Reached skill level 7 in Fighting
  7294 | D:7      | Reached skill level 1 in Shields
  7320 | D:7      | Noticed Dowan
  7389 | D:7      | Noticed Duvessa
  7390 | D:7      | Killed Dowan
  7402 | D:6      | Killed Duvessa
  7511 | D:7      | Identified the +1 robe of Kepo {rPois rC+ Regen+}
  7570 | D:7      | Reached **** piety under Okawaru
  7592 | D:7      | Reached XP level 10. HP: 68/86 MP: 12/12
  7677 | D:7      | Reached skill level 10 in Long Blades
  7685 | D:7      | Reached skill level 5 in Invocations
  7711 | D:7      | Noticed a gargoyle
  7718 | D:7      | Killed a gargoyle
  7725 | D:7      | Reached ***** piety under Okawaru
  7725 | D:7      | Received a gift from Okawaru
  7726 | D:7      | Reached skill level 8 in Fighting
  7761 | D:7      | Noticed a two-headed ogre
  7780 | D:7      | Killed a two-headed ogre
  8081 | D:7      | Found a runed translucent door.
  8082 | D:7      | Noticed Crazy Yiuf
  8648 | D:8      | Received a gift from Okawaru
  8771 | D:8      | Reached XP level 11. HP: 95/95 MP: 12/14
  8894 | D:8      | Reached skill level 5 in Shields
  9104 | D:8      | Found Piafru's Assorted Antiques.
  9105 | D:8      | Found a hide-covered altar of Uskayaw.
  9242 | D:8      | Identified a scroll of acquirement
  9242 | D:8      | Acquired the +2 double sword of Duta {vorpal, rN+}
  9411 | D:9      | Received a gift from Okawaru
  9550 | D:8      | Reached skill level 9 in Fighting
  9999 | D:10     | Entered Level 10 of the Dungeon
 10124 | D:10     | Noticed a brown ugly thing
 10161 | D:10     | Killed a brown ugly thing
 10191 | D:10     | Noticed a death yak
 10218 | D:10     | Killed a death yak
 10287 | D:10     | Noticed Erica
 10292 | D:10     | Killed Erica
 10387 | D:10     | Found a staircase to the Lair.
 10530 | D:10     | Found a transporter.
 10530 | D:10     | Noticed a boulder beetle
 10531 | D:10     | Found a transporter.
 10687 | D:10     | Reached ****** piety under Okawaru
 10689 | D:10     | Received a gift from Okawaru
 11001 | D:11     | Reached XP level 12. HP: 97/106 MP: 16/16
 11196 | D:11     | Noticed Josephine
 11208 | D:11     | Killed Josephine
 11360 | D:11     | Reached skill level 10 in Fighting
 11745 | Lair:1   | Entered Level 1 of the Lair of Beasts
 11963 | Lair:1   | Acquired a +1 pair of gloves of strength
 12380 | Lair:1   | Noticed a five-headed hydra
 12388 | Lair:1   | Killed a one-headed hydra
 12388 | Lair:1   | Received a gift from Okawaru
 12881 | Lair:2   | Reached skill level 10 in Armour
 12950 | Lair:2   | Noticed a boulder beetle
 12956 | Lair:2   | Killed a boulder beetle
 13528 | Lair:3   | Noticed a four-headed hydra
 13534 | Lair:3   | Killed a one-headed hydra
 13691 | Lair:3   | Found a staircase to the Shoals.
 13884 | Lair:3   | Reached XP level 13. HP: 114/114 MP: 18/18
 14352 | Lair:4   | Received a gift from Okawaru
 14422 | Lair:4   | Reached skill level 11 in Fighting
 14615 | Lair:4   | Reached skill level 10 in Dodging
 14967 | Lair:4   | Found a hole to the Spider Nest.
 16123 | Lair:5   | Noticed Sonja
 16135 | Lair:5   | Killed Sonja
 16282 | Lair:5   | Reached skill level 15 in Long Blades
 16600 | Lair:5   | Identified the ring "Kyrchysma" {Ice rPois Will++ Str+3
                  | Int-2}
 16607 | Lair:5   | Identified the ring "Wamoenir" {rF+ MP+9 Str+4}
 16738 | Lair:6   | Entered Level 6 of the Lair of Beasts
 16899 | Lair:6   | Received a gift from Okawaru
 17117 | Lair:6   | Reached XP level 14. HP: 116/125 MP: 19/19
 17177 | Lair:6   | Received a gift from Okawaru
 17249 | Lair:6   | Received a gift from Okawaru
 17494 | Lair:6   | Found a viscous altar of Jiyva.
 17494 | Lair:6   | Found a staircase to the Slime Pits.
 17597 | Lair:6   | Reached skill level 10 in Shields
 17894 | Lair:6   | Reached skill level 12 in Fighting
 18495 | Lair:6   | Found a large runed translucent door.
 18496 | Lair:6   | Found a large runed translucent door.
 19524 | D:12     | Identified the +1 ring mail of the Sun {Fly Dex+3 Stlth+}
 19649 | D:12     | Identified the ring "Jovox" {rElec rF+ Int+3}
 19828 | D:12     | Found a staircase to the Orcish Mines.
 19922 | D:12     | Identified the +1 plate armour of Usafofox {Rampage rPois
                  | rC+} (Okawaru gifted it to you on level 12 of the Dungeon)
 19922 | D:12     | Received a gift from Okawaru
 20186 | D:13     | Noticed Nessos
 20190 | D:13     | Killed Nessos
 20455 | D:13     | Found a glowing silver altar of Zin.
 20563 | D:13     | Reached skill level 10 in Invocations
 21650 | D:15     | Entered Level 15 of the Dungeon
 22148 | D:14     | Reached XP level 15. HP: 115/134 MP: 21/21
 22765 | D:14     | Found a gate to the Vaults.
 22901 | D:15     | Noticed Azrael
 22941 | D:15     | Killed Azrael
 22941 | D:15     | Received a gift from Okawaru
 23371 | D:15     | Found a staircase to the Depths.
 23628 | D:15     | Found a flickering gateway to a bazaar.
 23719 | D:15     | Reached skill level 13 in Fighting
 23778 | D:15     | Received a gift from Okawaru
 24914 | Orc:1    | Entered Level 1 of the Orcish Mines
 25063 | Orc:2    | Entered Level 2 of the Orcish Mines
 25492 | Orc:2    | Found Yfonk's Magic Scroll Emporium.
 25692 | Orc:2    | Noticed Saint Roka
 26116 | Orc:1    | Noticed Nergalle
 26121 | Orc:1    | Killed Nergalle
 26201 | Orc:2    | Found Buag's Jewellery Emporium.
 26217 | Orc:1    | Noticed Harold
 26225 | Orc:1    | Killed Harold
 26233 | Orc:1    | Noticed an orc warlord
 26486 | Orc:2    | Killed an orc warlord
 26618 | Orc:2    | Noticed Jorgrun
 26625 | Orc:2    | Killed Jorgrun
 26654 | Orc:2    | Found a staircase to the Elven Halls.
 26731 | Orc:2    | Found Jokhugus's Antique Armour Shoppe.
 26732 | Orc:2    | Found Muecyheh's Antique Weapon Emporium.
 27020 | Orc:2    | Found Kyez Son's Armour Emporium.
 27026 | Orc:2    | Bought the +2 hat of Ryfalomn {rPois} for 352 gold pieces
 27076 | Orc:2    | Killed Saint Roka
 27076 | Orc:2    | Received a gift from Okawaru
 27077 | Orc:2    | Reached XP level 16. HP: 93/144 MP: 17/23
 27493 | Spider:1 | Entered Level 1 of the Spider Nest
 28518 | Spider:1 | Received a gift from Okawaru
 29151 | Spider:2 | Received a gift from Okawaru
 29165 | Spider:2 | Reached skill level 14 in Fighting
 31344 | Spider:4 | Entered Level 4 of the Spider Nest
 31895 | Spider:4 | Received a gift from Okawaru
 31896 | Spider:4 | Reached skill level 15 in Fighting
 31896 | Spider:4 | Reached XP level 17. HP: 156/156 MP: 24/24
 32147 | Spider:4 | Reached skill level 16 in Fighting
 32147 | Spider:4 | Reached XP level 18. HP: 166/166 MP: 26/26
 32909 | Spider:4 | Noticed a Tzitzimitl
 33057 | Spider:4 | Received a gift from Okawaru
 33336 | Spider:4 | Killed a Tzitzimitl
 33581 | Spider:4 | Got a gossamer rune of Zot
 33903 | Vaults:1 | Entered Level 1 of the Vaults
 34112 | Vaults:1 | Received a gift from Okawaru
 34551 | Vaults:1 | Reached skill level 17 in Fighting
 34753 | Vaults:1 | Found a runed translucent gate.
 34753 | Vaults:1 | Found a runed translucent gate.
 34754 | Vaults:1 | Found a runed translucent gate.
 34754 | Vaults:1 | Noticed PanSaczeczos's ghost (adept MiAM)
 34885 | Vaults:1 | Noticed a caustic shrike
 34885 | Vaults:1 | a stone giant changed into a caustic shrike
 34892 | Vaults:1 | Noticed a golden dragon
 34892 | Vaults:1 | a caustic shrike changed into a golden dragon
 34898 | Vaults:1 | a golden dragon changed into a rockslime
 34901 | Vaults:1 | Noticed a juggernaut
 34901 | Vaults:1 | a rockslime changed into a juggernaut
 34903 | Vaults:1 | a juggernaut changed into a rockslime
 34904 | Vaults:1 | Noticed a juggernaut
 34904 | Vaults:1 | a rockslime changed into a juggernaut
 34906 | Vaults:1 | a juggernaut changed into an iron dragon
 34907 | Vaults:1 | Noticed a golden dragon
 34907 | Vaults:1 | an iron dragon changed into a golden dragon
 35121 | Vaults:1 | Reached skill level 15 in Armour
 35461 | Vaults:1 | Acquired 897 gold pieces
 35959 | Vaults:1 | Identified the +1 robe of Qonia {SInv} (Okawaru gifted it
                  | to you on level 1 of the Vaults)
 35959 | Vaults:1 | Received a gift from Okawaru
 36359 | Vaults:2 | Identified the +4 morningstar of the Tomato {speed, Str-3
                  | Dex+4}
 36427 | Vaults:2 | Reached XP level 19. HP: 150/178 MP: 24/27
 36705 | Vaults:2 | Reached skill level 18 in Fighting
 37841 | Vaults:2 | Received a gift from Okawaru
 39118 | Vaults:2 | Noticed Bai Suzhen
 39140 | Vaults:2 | Killed Bai Suzhen
 39471 | Vaults:2 | Found Taxtiwul's Magic Scroll Shoppe.
 39474 | Vaults:2 | Bought a scroll of acquirement for 832 gold pieces
 39474 | Vaults:2 | Acquired a manual of Fighting
 39476 | Vaults:2 | Bought a scroll of teleportation for 48 gold pieces
 39476 | Vaults:2 | Bought 2 scrolls of fear for 112 gold pieces
 39476 | Vaults:2 | Bought 2 scrolls of teleportation for 96 gold pieces
 39476 | Vaults:2 | Bought a scroll of brand weapon for 320 gold pieces
 40116 | Vaults:3 | Reached skill level 19 in Fighting
 40120 | Vaults:3 | Reached skill level 15 in Shields
 40233 | Vaults:3 | Received a gift from Okawaru
 40303 | Vaults:3 | Reached skill level 15 in Dodging
 40303 | Vaults:3 | You fall into a shaft and drop 1 floor!
 40568 | Vaults:4 | Reached XP level 20. HP: 79/193 MP: 22/29
 40883 | Vaults:4 | Reached skill level 20 in Fighting
 40907 | Vaults:4 | Identified the +8 chain mail of Rokais {Dex+3} (Okawaru
                  | gifted it to you on level 4 of the Vaults)
 40907 | Vaults:4 | Received a gift from Okawaru
 42728 | Vaults:3 | Reached skill level 21 in Fighting
 43316 | Vaults:3 | Received a gift from Okawaru
 43349 | Vaults:3 | Noticed an ancient lich
 43362 | Vaults:3 | Received a gift from Okawaru
 43369 | Vaults:3 | Killed an ancient lich
 43674 | Vaults:3 | Found a runed translucent gate.
 43675 | Vaults:3 | Found a runed translucent gate.
 43675 | Vaults:3 | Found an opulent altar of Gozag.
 43676 | Vaults:3 | Found a runed translucent gate.
 43682 | Vaults:3 | Found Dunoph's Assorted Antiques.
 43682 | Vaults:3 | Noticed theMacoje's ghost (adept OgAM)
 43887 | Vaults:3 | Found a staircase to the Crypt.
 43887 | Vaults:3 | Noticed a bone dragon
 43902 | Vaults:3 | Killed a bone dragon
 43903 | Vaults:3 | Reached skill level 22 in Fighting
 44082 | Vaults:3 | Found Dynt's Assorted Antiques.
 44887 | Depths:1 | Entered Level 1 of the Depths
 45010 | D:15     | Reached XP level 21. HP: 206/207 MP: 28/30
 45010 | D:15     | Identified the +1 chain mail of Emehas {Harm rPois}
                  | (Okawaru gifted it to you on level 15 of the Dungeon)
 45010 | D:15     | Received a gift from Okawaru
 45427 | Depths:1 | Paralysed by a sphinx for 3 turns
 46260 | Depths:1 | Found a gateway to Hell.
 46364 | Depths:1 | Found a one-way gate to the infinite horrors of the Abyss.
 46502 | Depths:1 | Found a gateway to a ziggurat.
 46541 | Depths:1 | Found a glowing golden altar of the Shining One.
 46607 | Depths:2 | Reached skill level 23 in Fighting
 46626 | Depths:2 | Found a hide-covered altar of Uskayaw.
 47025 | Depths:1 | Received a gift from Okawaru
 47582 | Depths:2 | Noticed a caustic shrike
 48068 | Depths:2 | Killed a caustic shrike
 48069 | Depths:2 | Reached skill level 15 in Invocations
 48112 | Depths:2 | Identified the +8 double sword of Indomitability {elec,
                  | rElec rN+} (Okawaru gifted it to you on level 2 of the
                  | Depths)
 48112 | Depths:2 | Received a gift from Okawaru
 48240 | Depths:2 | Found the +8 glaive of the Guard {elec, spectral, AC+5}
 49190 | Depths:2 | Identified the +1 demon blade "Itan" {vamp, *Rage Dex+5}
 50606 | Depths:3 | Reached XP level 22. HP: 222/222 MP: 32/32
 50731 | Depths:3 | Received a gift from Okawaru
 50862 | Depths:3 | Found a one-way gate leading to the halls of Pandemonium.
 50930 | Depths:3 | Found a stormy altar of Qazlal.
 51220 | Depths:4 | Found a corrupted altar of Lugonu.
 51651 | Depths:4 | Reached skill level 24 in Fighting
 51667 | Depths:4 | Found Goil's Armour Shoppe.
 51680 | Depths:4 | Noticed the Enchantress
 51703 | Depths:3 | Killed the Enchantress
 51962 | Depths:4 | Found a radiant altar of Vehumet.
 52402 | Depths:4 | Identified the +0 chain mail "Puisua Xoze" {rF+ Int+4
                  | Stlth+} (Okawaru gifted it to you on level 4 of the Depths)
 52402 | Depths:4 | Received a gift from Okawaru
 53337 | Depths:4 | Gained mutation: Your body sometimes deteriorates upon
                  | taking damage. [a neqoxec]
 53581 | Depths:5 | Entered Level 5 of the Depths
 54610 | Elf:1    | Entered Level 1 of the Elven Halls
 54789 | Elf:1    | Found Mim Ocze's Distillery.
 54880 | Elf:1    | Identified the +2 rapier "Gix Hula" {drain, +Blink}
 54992 | Elf:1    | Identified the +5 great mace of Domination {pain, Str-2
                  | Int+3 Stlth+}
 55205 | Elf:1    | Reached XP level 23. HP: 174/232 MP: 34/34
 55535 | Elf:1    | You fall into a shaft and drop 1 floor!
 55535 | Elf:2    | Found a huge runed translucent gate.
 55536 | Elf:2    | Found a huge runed translucent gate.
 55537 | Elf:2    | Found a huge runed translucent gate.
 55538 | Elf:2    | Found a huge runed translucent gate.
 55539 | Elf:2    | Found a huge runed translucent gate.
 56067 | Elf:2    | Got Puad's Papyrus of the Sinister Snowflakes
 56385 | Elf:2    | Reached skill level 25 in Fighting
 56926 | Elf:2    | Received a gift from Okawaru
 58030 | Elf:2    | Noticed Louise
 58050 | Elf:2    | Killed Louise
 58423 | Elf:3    | Entered Level 3 of the Elven Halls
 58656 | Elf:3    | Found a runed translucent gate.
 58660 | Elf:3    | Found a runed translucent gate.
 58661 | Elf:3    | Found a runed translucent gate.
 58663 | Elf:3    | Noticed ioannis32's ghost (adept DsBe)
 58748 | Elf:3    | Identified the amulet "Tukkium" {RegenMP Will+}
 59305 | Elf:2    | Acquired the amulet "Luisy" {Spirit rElec rPois rC+++
                  | Str+4}
 59730 | Elf:3    | Got the Disquisition on Sinister Arts
 59830 | Elf:3    | Found Xiva's Assorted Antiques.
 59879 | Elf:3    | Paralysed by an air elemental for 1 turns
 59962 | Elf:3    | Found a portal to a secret trove of treasure.
 60024 | Elf:3    | Identified the ring of Xigrawk {rC+ rN+ MP+9}
 60035 | Elf:3    | Received a gift from Okawaru
 60036 | Elf:3    | Identified the +7 battleaxe "Raupugg" {vorpal, Str+2 Int+3}
 60701 | Elf:3    | Identified the +7 ice dragon scales "Ecogg" {+Blink Fly rF-
                  | rC++}
 60758 | Elf:3    | Got the Almanac of Feathery Confrontation
 60779 | Elf:3    | Identified the +4 helmet "Dugihown" {rElec Int+4 Stlth+}
 61157 | Elf:3    | Got the Incunabulum of Curses
 61384 | Elf:3    | Paralysed by an air elemental for 1 turns
 61432 | Elf:3    | Killed ioannis32's ghost
 61499 | Elf:3    | Identified the +0 pair of boots of the Apothecary {rCorr}
 61500 | Elf:3    | Identified the +0 pair of boots "Ufuqixt" {rElec}
 61502 | Elf:3    | Identified the +5 short sword of Bulev {freeze, rF- Str+3
                  | SInv}
 61773 | Shoals:1 | Entered Level 1 of the Shoals
 61978 | Shoals:1 | Found Qabbum's Firing Range.
 62085 | Shoals:1 | Reached XP level 24. HP: 245/245 MP: 34/34
 62379 | Shoals:1 | Received a gift from Okawaru
 63422 | Shoals:2 | Reached skill level 26 in Fighting
 64772 | Shoals:3 | Got the Volume of the Traveller and Confrontation
 64842 | Shoals:4 | Entered Level 4 of the Shoals
 65217 | Shoals:4 | Received a gift from Okawaru
 66135 | Shoals:4 | Got a barnacled rune of Zot
 66731 | Crypt:1  | Entered Level 1 of the Crypt
 67262 | Crypt:1  | Noticed Xtahua
 67281 | Crypt:1  | Killed Xtahua
 67666 | Crypt:2  | Received a gift from Okawaru
 68267 | Crypt:2  | Identified the +1 scale mail of Dishonour {rPois SInv}
 68515 | Crypt:3  | Entered Level 3 of the Crypt
 68550 | Crypt:3  | Reached XP level 25. HP: 255/255 MP: 34/34
 68672 | Crypt:3  | Identified the +5 scythe of Wounn {freeze, rC+ Str+8 Int-2}
 69172 | Crypt:3  | Found a staircase to the Tomb.
 69385 | Crypt:3  | Identified the ring of Lust {rC+ rN+ Str+2 Int-3}
 69511 | Crypt:3  | Noticed a dread lich
 69511 | Crypt:3  | Noticed a dread lich
 69724 | Crypt:3  | Killed a dread lich
 69742 | Crypt:3  | Killed a dread lich
 69806 | Crypt:3  | Identified the ring "Huhotz" {rN+ Int+4}
 69806 | Crypt:3  | Identified the ring of Fouf Pech {rN+ Dex+6}
 69826 | Crypt:3  | Reached skill level 27 in Fighting
 69920 | Crypt:3  | Got Agao's Papyrus of Envenoming and Fascination
 70078 | Vaults:5 | Entered Level 5 of the Vaults
 70290 | Vaults:4 | Identified the +1 plate armour of Watchfulness {rElec rN+
                  | Str+2 Dex-4} (Okawaru gifted it to you on level 4 of the
                  | Vaults)
 70290 | Vaults:4 | Received a gift from Okawaru
 70890 | Vaults:5 | Noticed Mara
 71068 | Vaults:4 | Killed Mara
 71197 | Vaults:5 | Noticed an ancient lich
 71535 | Vaults:4 | Killed an ancient lich
 72017 | Vaults:5 | Noticed a dread lich
 72037 | Vaults:5 | Killed a dread lich
 72072 | Vaults:5 | Received a gift from Okawaru
 72152 | Vaults:5 | Received a gift from Okawaru
 72334 | Vaults:5 | Identified the ring "Reruxuj" {Str+3 Int+6}
 72476 | Vaults:5 | Reached XP level 26. HP: 266/266 MP: 35/35
 72557 | Vaults:5 | Noticed an ancient lich
 72569 | Vaults:5 | Killed an ancient lich
 72573 | Vaults:5 | Noticed Margery
 72587 | Vaults:5 | Killed Margery
 72615 | Vaults:5 | Received a gift from Okawaru
 73226 | Vaults:5 | Got the Grimoire of Infinity
 73240 | Vaults:5 | Received a gift from Okawaru
 73240 | Vaults:5 | Found the +8 lance "Wyrmbane" {slay drac, rPois rF+ rC+
                  | AC+3}
 73266 | Vaults:5 | Reached skill level 1 in Polearms
 73454 | Vaults:5 | Noticed an ancient lich
 73460 | Vaults:5 | Killed an ancient lich
 73472 | Vaults:5 | Reached skill level 5 in Polearms
 73524 | Vaults:5 | Identified the +4 war axe "Jiadil" {venom, rF+ Str+4}
 73989 | Vaults:5 | Got the Grimoire of Feathers
 74152 | Vaults:5 | Got a silver rune of Zot
 75078 | Depths:5 | Found Yjiced's Changing Room.
 75205 | Depths:5 | Received a gift from Okawaru
 75376 | Depths:5 | Reached skill level 10 in Polearms
 75652 | Depths:5 | Found a snail-covered altar of Cheibriados.
 76281 | Depths:5 | Found a gate to the Realm of Zot.
 76677 | Zot:1    | Entered Level 1 of the Realm of Zot
 77128 | Zot:1    | Reached XP level 27. HP: 111/273 MP: 30/35
 77756 | Zot:1    | Received a gift from Okawaru
 78305 | Zot:2    | Found a transporter.
 78455 | Zot:2    | Found a transporter.
 79101 | Zot:2    | Received a gift from Okawaru
 80203 | Zot:3    | Acquired the +2 pair of gloves of Muttered Phrases {rC+}
 80607 | Zot:3    | You fall into a shaft and drop 1 floor!
 82005 | Zot:3    | Received a gift from Okawaru
 84940 | Zot:5    | Entered Level 5 of the Realm of Zot
 86714 | Zot:5    | Noticed an orb of fire
 86739 | Zot:4    | Identified the +10 rapier "Manorch" {vorpal, rPois Dex+3}
                  | (Okawaru gifted it to you on level 4 of the Realm of Zot)
 86739 | Zot:4    | Received a gift from Okawaru
 86849 | Zot:5    | Gained mutation: Armour fits poorly on your strangely
                  | shaped body. [an orb of fire]
 86850 | Zot:5    | Gained mutation: Potions are less effective at restoring
                  | your health. [an orb of fire]
 86859 | Zot:5    | Noticed a dread lich
 86868 | Zot:5    | Gained mutation: Potions cannot restore your health. [an
                  | orb of fire]
 86869 | Zot:5    | Gained mutation: You sometimes lose the ability to read
                  | scrolls when taking damage. [an orb of fire]
 86870 | Zot:5    | Killed an orb of fire
 86882 | Zot:4    | Killed a dread lich
 87430 | Zot:5    | Noticed an orb of fire
 87435 | Zot:5    | Gained mutation: You are weak. (Str -2) [an orb of fire]
 87442 | Zot:5    | Gained mutation: You tend to lose your temper in combat.
                  | [an orb of fire]
 87453 | Zot:5    | Killed an orb of fire
 87912 | Zot:5    | Noticed a dread lich
 87945 | Zot:5    | Killed a dread lich
 88086 | Zot:5    | Noticed a dread lich
 88116 | Zot:5    | Killed a dread lich
 88227 | Zot:5    | Noticed an ancient lich
 88248 | Zot:5    | Noticed an orb of fire
 88895 | Zot:5    | Gained mutation: Your spells are a little easier to cast,
                  | but a little less powerful. [an orb of fire]
 88896 | Zot:5    | Gained mutation: You are frail. (-10% HP) [an orb of fire]
 88898 | Zot:4    | Lost mutation: You are weak. (Str -2) [potion of mutation]
 88898 | Zot:4    | Lost mutation: Your spells are a little easier to cast, but
                  | a little less powerful. [potion of mutation]
 88898 | Zot:4    | Gained mutation: Your spells are a little easier to cast,
                  | but a little less powerful. [potion of mutation]
 88898 | Zot:4    | Gained mutation: You have a pair of large horns on your
                  | head. [potion of mutation]
 88899 | Zot:4    | Lost mutation: Armour fits poorly on your strangely shaped
                  | body. [potion of mutation]
 88899 | Zot:4    | Lost mutation: You have a pair of large horns on your head.
                  | [potion of mutation]
 88899 | Zot:4    | Gained mutation: Your mind is acute. (Int +2) [potion of
                  | mutation]
 88903 | Zot:5    | Gained mutation: You are clumsy. (Dex -2) [an orb of fire]
 88910 | Zot:5    | Gained mutation: You are very clumsy. (Dex -4) [an orb of
                  | fire]
 88912 | Zot:5    | Killed an orb of fire
 88986 | Zot:5    | Killed an ancient lich
 89437 | Zot:5    | Identified the +6 hunting sling of the Slicing Oracle
                  | {speed, MP+9} (Okawaru gifted it to you on level 5 of the
                  | Realm of Zot)
 89437 | Zot:5    | Received a gift from Okawaru
 89474 | Zot:5    | Noticed a dread lich
 89505 | Zot:5    | Killed a dread lich
 89737 | Zot:5    | Noticed a dread lich
 89757 | Zot:5    | Killed a dread lich
 89773 | Zot:5    | Noticed a dread lich
 89790 | Zot:5    | Noticed an ancient lich
 89799 | Zot:5    | Killed an ancient lich
 89993 | Zot:5    | Noticed an ancient lich
 90576 | Zot:5    | Killed a dread lich
 90595 | Zot:5    | HP: 12/245 [poisoned by a death drake (dark miasma)]
 90598 | Zot:5    | Killed from afar by a yellow draconian stormcaller

Illustrated notes

Levels and vault maps discovered:
D:1:      lemuel_arrival_hallway, layout_loops_ring
D:2:      layout_rooms, ebering_ecumenical_altar_mist, minmay_shallow_snake_nest
D:3:      layout_loops_ring, uniq_grinder, uniq_sigmund
D:4:      layout_loops_ring, minmay_temple_entry_statues_fountains,
          serial_shops, kennysheep_mini, serial_forest,
          infiniplex_forest_clump_C, infiniplex_forest_end_3,
          infiniplex_forest_lined_4_way, infiniplex_forest_straight_3,
          infiniplex_forest_pool, infiniplex_forest_clump_small,
          infiniplex_forest_straight_4, infiniplex_forest_clump_small,
          infiniplex_forest_clump_tiny, minmay_misc_feat_x
D:5:      layout_loops_cross, st_stairs_8, uniq_pikel
D:6:      layout_cave_pods, grunt_potential, uniq_edmund
D:7:      minmay_the_grid_triangle_9x9_rhombus_thin
          [minmay_the_grid_triangle_9x9_sprig,
          minmay_the_grid_triangle_9x9_prize_center,
          minmay_the_grid_triangle_9x9_checkered,
          minmay_the_grid_triangle_9x9_negative_grid], layout_loops_ring,
          uniq_duvessa, uniq_crazy_yiuf_cottage
D:8:      wad_woods_minihive, layout_basic, amcnicky_altar_gilded, serial_shops,
          nicolae_shop_behind_doors
D:9:      layout_rooms
D:10:     gammafunk_boulding_lane, layout_grid_maze, david_lair_generic,
          chequers_jeans, uniq_erica
D:11:     layout_loops_ring, uniq_josephine
D:12:     layout_long_grid, orc_0_dummy, minmay_sticks_and_stones
D:13:     layout_stronghold, minmay_misc_feat_secret_circle,
          amcnicky_mini_rare_corridor_liquid, zin_scriptorium, uniq_nessos
D:14:     layout_irregular_city, erik_vaults_2
D:15:     hangedman_depths_entry_try_elsewhere_first, layout_loops_cross,
          serial_shops, bzr_entry_islet, columned_hall_lemuel, uniq_azrael
Temple:   grunt_wide_crystal_templ
Lair:1:   layout_loops_ring, worms_lemuel, infiniplex_staircase_pool
Lair:2:   layout_roguey
Lair:3:   layout_concentric_octagons, minmay_shoals_entry_hut
Lair:4:   layout_layer_cave, spider_nest_entry_webs, grunt_megastairs_3,
          lemuel_fruit_fields, lemuel_fruit_fields
Lair:5:   layout_cave_pods, uniq_sonja
Lair:6:   cheibrodos_lair_end_hotspot, layout_regular_city,
          dpeg_slime_entry_enclosed_altar, st_stairs_4
Shoals:1: layout_shoals, nicolae_shop_firing_range
Shoals:2: layout_shoals, nicolae_shoals_siren_and_animal_friends
Shoals:3: layout_shoals, centaur_isle
Shoals:4: shoals_end_hellmonk_lost_city, serial_shops
Spider:1: layout_spider_delve
Spider:2: layout_spider_delve
Spider:3: layout_spider_delve
Spider:4: spider_rune_water, nicolae_spider_eight_legs
Orc:1:    layout_caves, uniq_nergalle, uniq_harold
Orc:2:    grunt_orc_community_town_hall, layout_diamond_mine,
          grunt_orc_community_big_house_2, grunt_orc_community_big_house_1,
          grunt_orc_community_house_2, grunt_orc_community_house_3,
          grunt_orc_community_house_3, grunt_orc_community_house_1,
          serial_shops, shop, special_room, elves_outpost_lemuel, uniq_jorgrun
Elf:1:    elf_arrival_001, layout_geoelf_octagon, serial_shops, shop,
          hangedman_elf_represent
Elf:2:    elven_hall_of_blades_hangedman_alternative
          [nicolae_vaults_blade_armed_guards], layout_rooms,
          corexii_hall_statues_i, amcnicky_mini_pool_small, uniq_louise
Elf:3:    grunt_elf_hall_branching, layout_geoelf_castle,
          nicolae_trove_entry_columns, gammafunk_ghost_tricky_traps,
          serial_shops, shop, minmay_elf_necromancy
Vaults:1: gammafunk_vaults_ghost_split, v_pattern_5, hangedman_vaults_unwind,
          vaults_mumra_lcd, v_misc_5, hangedman_vaults_stagger,
          vaults_standard_mumra_x, vaults_room_grunt_arrival_checkpoint,
          layout_vaults_big_room
Vaults:2: ontoclasm_vaults_bender, v_rooms_4, v_misc_1,
          nicolae_vaults_statue_guard, nicolae_vaults_triangles,
          vaults_mumra_chevron_long, nicolae_vaults_network_periphery,
          v_misc_18, vaults_dpeg_diagonal, vaults_room_semicircle,
          vaults_dpeg_encased_lava, layout_vaults_omnigrid, serial_shops,
          nicolae_shop_window_shopping, uniq_bai_suzhen
Vaults:3: ebering_vaults_ghost_gozag, v_alt_pattern_5, v_rooms_5,
          nicolae_vaults_network_quinsquares
          [nicolae_vaults_network_quincunx_subvault,
          nicolae_vaults_network_quincunx_subvault,
          nicolae_vaults_network_quincunx_subvault,
          nicolae_vaults_network_quincunx_subvault], vaults_mumra_hexcomb,
          ontoclasm_vaults_idyll, nicolae_vaults_ring_of_whatevers,
          hangedman_vaults_cutoff, nicolae_vaults_network_quincunx
          [nicolae_vaults_network_quincunx_subvault,
          nicolae_vaults_network_quincunx_subvault,
          nicolae_vaults_network_quincunx_subvault,
          nicolae_vaults_network_quincunx_subvault,
          nicolae_vaults_network_quincunx_subvault],
          minmay_crypt_entry_nasty_monster, vaults_room_semicircle,
          vaults_dpeg_cross, ontoclasm_vaults_gateway, layout_vaults_omnicross
Vaults:4: nicolae_vaults_circle_grid_b, hangedman_vaults_river_flow,
          vaults_room_corners, hangedman_vaults_hat, nicolae_vaults_network_s,
          v_alt_pattern_1, v_misc_3, hangedman_vaults_maws, v_misc_13,
          grunt_vaults_hallway_short, layout_vaults_omnibox
Vaults:5: uniq_mara, uniq_margery
Crypt:1:  layout_misc_corridors, grunt_crypt_arrival_guarded_gate, uniq_xtahua
Crypt:2:  layout_misc_corridors
Crypt:3:  david_glass_crypt, layout_misc_corridors, tomb_entry_simple_bobbens
Depths:1: layout_cave_pools, enter_ziggurat_d, abyss_entry_small_statue_room,
          pf_hell_entry_great_geh, nicolae_tso_swordbearing_angel,
          evilmike_ambush [evilmike_ambush_outer_basic,
          evilmike_ambush_inner_wall_2]
Depths:2: minmay_guarded_unrand_guard, layout_honeycomb, hellmouth_2,
          lightli_enter_wizlab_magi_temple,
          nicolae_uskayaw_murder_on_the_dancefloor, infiniplex_staircase_x
Depths:3: minmay_curly_fans, layout_cave_pools, serial_sigils_hangedman_writhe,
          rand_demon_pan_entry_8, hell_entry, nicolae_qazlal_eye_of_the_storm,
          minmay_staircase_statues, serial_bayou_shore_b
Depths:4: minmay_bubble_buster, layout_cave_pools, abyss_entry_flame_altar,
          grunt_pan_entry_in_and_out, vehumet_crystals, serial_shops,
          nicolae_shop_trees, hangedman_coc_ice_floe, uniq_enchantress
Depths:5: grunt_zot_entry_hairpin, layout_cave_shapes, hellmouth_3,
          hellmonk_bongcloud_opening, abyss_entry, nicolae_transmutations_shop,
          slow_altar_2
Zot:1:    grunt_zot_stairs_faceoff, layout_gridville
Zot:2:    gammafunk_dig_for_victory, layout_twisted_circle, lemuel_golem_globe
Zot:3:    layout_gridlike
Zot:4:    layout_cathedral_of_symmetry
Zot:5:    layout_onion

Skill      XL: |  1  2  3  4  5  6  7  8  9 10 11 12 13 14 15 16 17 18 19 20 21 22 23 24 25 26 27 |
---------------+----------------------------------------------------------------------------------+-----
Armour         | 1 2 3 4 5 7 8 9 10 11 12 13 14 15 16 17 18 19 20 21 24 | 24.2
Fighting       | 3 4 5 6 7 8 9 10 11 12 13 15 16 17 19 22 23 24 25 26 27 | 27.0
Long Blades    | 1 2 4 5 6 8 9 11 12 14 15 16 17 18 19 21 22 | 22.1
Dodging        | 2 3 4 5 6 7 8 9 10 11 12 13 14 15 16 17 18 19 20 22 | 22.5
Invocations    | 2 3 4 6 7 8 9 10 11 12 13 14 15 16 17 18 20 | 20.9
Shields        | 2 4 6 8 9 10 11 12 13 14 15 16 17 18 19 20 21 23 | 23.6
Polearms       | 14 | 14.0
Short Blades   | |  2.1
Throwing       | |  2.0
Stealth        | |  3.2

Action                   |  1- 3 |  4- 6 |  7- 9 | 10-12 | 13-15 | 16-18 | 19-21 | 22-24 | 25-27 || total
-------------------------+-------+-------+-------+-------+-------+-------+-------+-------+-------++-------
Melee: Dagger            |     5 |       |       |       |       |       |       |       |       ||     5
       Long sword        |    48 |   131 |    76 |       |       |       |       |       |       ||   255
       Headbutt          |     9 |    21 |    50 |   160 |   305 |   267 |   544 |   578 |   758 ||  2692
       Hand axe          |       |       |   183 |   233 |       |       |       |       |       ||   416
       Double sword      |       |       |       |   318 |  1074 |   898 |   309 |  2014 |  1695 ||  6308
       Scimitar          |       |       |       |    31 |    29 |       |       |       |       ||    60
       Demon blade       |       |       |       |       |       |       |  1160 |       |       ||  1160
       Lance             |       |       |       |       |       |       |       |       |   338 ||   338
       Unarmed           |       |       |       |       |       |       |       |       |    34 ||    34
Throw: Dart              |       |       |    12 |     4 |       |       |       |       |       ||    16
Invok: Heroism           |       |       |     6 |    12 |    24 |    12 |    24 |    20 |    20 ||   118
       Finesse           |       |       |       |       |     3 |     1 |     9 |     6 |     4 ||    23
Evoke: Wand              |       |       |       |     1 |       |       |       |       |     1 ||     2
  Use: Scroll            |       |     5 |     2 |    13 |     8 |     8 |     9 |     9 |    16 ||    70
       Potion            |       |       |       |       |     1 |     5 |     5 |     2 |     9 ||    22
 Stab: Sleeping          |     6 |       |     1 |     2 |       |       |       |    12 |       ||    21
       Distracted        |     1 |       |       |     2 |       |       |       |     4 |     3 ||    10
       Petrified         |       |       |       |       |     2 |       |       |       |       ||     2
       Held in net/web   |       |       |       |       |     2 |       |       |     1 |       ||     3
Armor: Robe              |    12 |       |       |       |       |       |       |       |       ||    12
       Plate armour      |       |    70 |   146 |    22 |   222 |   349 |   242 |    41 |       ||  1092
       Leather armour    |       |     9 |       |       |       |       |       |       |       ||     9
       Ring mail         |       |       |    19 |    98 |       |       |       |       |       ||   117
       Acid dragon scale |       |       |       |       |       |       |       |   325 |   156 ||   481
       Gold dragon scale |       |       |       |       |       |       |       |       |   525 ||   525
       Skin              |       |       |       |       |       |       |       |       |     3 ||     3
Dodge: Dodged            |    32 |    42 |   122 |   164 |   131 |   218 |   236 |   606 |   737 ||  2288
Block: Tower shield      |       |       |   119 |   691 |  1008 |  1164 |  1318 |  2433 |  2070 ||  8803
       Other             |       |       |     9 |       |       |       |       |       |       ||     9
       Reflection        |       |       |       |    16 |    22 |    10 |    86 |   232 |     1 ||   367
       Rpst.: Long sword |    15 |     8 |    10 |       |       |       |       |       |       ||    33
       Double sword      |       |       |       |    12 |    33 |    38 |     9 |    97 |    66 ||   255
       Scimitar          |       |       |       |     3 |       |       |       |       |       ||     3
       Demon blade       |       |       |       |       |       |       |    33 |       |       ||    33
